Cogmind - Beta 13 @@@ ROGUE MODE // 2024.04.16 @ 22:58:15 Player: Person Guy Result: Self-destructed Performance ------------- Evolutions (0) 0 Regions Visited (4) 800 Robots Destroyed (25) 125 Value Destroyed (628) 628 Prototype IDs (4) 80 Alien Tech Used (0) 0 Bonus (96) 96 TOTAL SCORE: 1729 Bonus ------- Follower Combat Kills 125 Friendly Fire -29 Cogmind --------- Core Integrity 113/250 Matter 300/300 Energy 160/160 System Corruption 0% Temperature Cool (0) Movement Treading (160) Location -9/Mines Parts ------- > --- POWER (1) -------- Light Nuclear Core > --- PROPULSION (2) --- Light Treads Light Treads > --- UTILITY (2) ------ Large Storage Unit > --- WEAPON (2) ------- Assault Rifle Assault Rifle > --- INVENTORY (15) --- Light Treads Light Treads Improved Heat Sink Improved Heat Sink Large Storage Unit Hacking Suite EM Pulse Gun EM Pulse Gun Peak State ------------ > --- POWER ------------ Light Nuclear Core > --- PROPULSION ------- Light Treads Light Treads > --- UTILITY ---------- Large Storage Unit > --- WEAPON ----------- Assault Rifle Grenade Launcher > --- INVENTORY -------- Improved Heat Sink Improved Heat Sink Large Storage Unit Hacking Suite EM Pulse Gun EM Pulse Gun Assault Rifle [Rating: 9] Favorites ----------- Power Ion Engine Engine Ion Engine Power Core Light Nuclear Core Propulsion Light Treads Treads Light Treads Utility Small Storage Unit Storage Small Storage Unit Weapon Assault Rifle Ballistic Gun Assault Rifle Launcher Grenade Launcher Build | -11 -10 -10 -10 -9 ------- Run | Yrd Mat Min Exi Min Slots Evolved . | . . . . . Power . | . . . . . Propulsion . | . . . . . Utility . | . . . . . Weapon . | . . . . . Parts Attached 17 | 6 8 3 . . Power 3 | 1 1 1 . . Engine 2 | 1 1 . . . Core 1 | . . 1 . . Reactor . | . . . . . Propulsion 4 | 2 2 . . . Treads 4 | 2 2 . . . Leg . | . . . . . Wheel . | . . . . . Hover . | . . . . . Flight . | . . . . . Utility 2 | 1 1 . . . Device . | . . . . . Storage 2 | 1 1 . . . Processor . | . . . . . Hackware . | . . . . . Protection . | . . . . . Artifact . | . . . . . Weapon 8 | 2 4 2 . . Energy Gun . | . . . . . Energy Cannon . | . . . . . Ballistic Gun 6 | 2 3 1 . . Ballistic Cannon . | . . . . . Launcher 2 | . 1 1 . . Special Weapon . | . . . . . Impact Weapon . | . . . . . Slashing Weapon . | . . . . . Piercing Weapon . | . . . . . Special Melee Weapon . | . . . . . Unidentified Prototypes . | . . . . . Parts Lost 3 | . 1 2 . . Power 1 | . . 1 . . Propulsion 1 | . 1 . . . Utility . | . . . . . Weapon 1 | . . 1 . . Highest Loss Streak 1 | . 1 1 . . To Critical Strikes . | . . . . . Average Slot Usage (%) 84 | . 84 84 85 . Engine 8 | . 14 7 . . Core 5 | . . 6 14 . Treads 27 | . 27 28 28 . Storage 14 | . 14 14 14 . Ballistic Gun 25 | . 27 16 28 . Launcher 2 | . . 11 . . Naked Turns . | . . . . . Heaviest Build 30 | 12 29 30 29 . Greatest Support 40 | 40 40 40 40 . Greatest Overweight (x) . | . . . . . Average Overweight (x) . | . . . . . Largest Inventory Capacity 15 | 8 15 15 15 . Average Capacity 11 | 6 8 15 15 . Most Carried 8 | 5 8 8 8 . Average Carried 6 | 2 6 7 6 . Final Capacity 15 | 8 15 15 15 15 Final Carried 8 | 3 8 6 8 8 Class Distribution -------------------- 100% | Mutant Dominant Class ---------------- Mutant | -10/Materials Mutant | -10/Mines Mutant | -10/Exiles Mutant | -9/Mines Resources | -11 -10 -10 -10 -9 ----------- Run | Yrd Mat Min Exi Min Matter Collected 649 | 229 238 182 . . Remotely . | . . . . . Salvage Created 763 | . 559 204 . . Parts 62 | . 38 24 . . Haulers Intercepted 2 | . 2 . . . Recyclers Shooed 2 | . 1 1 . . Parts Field Recycled . | . . . . . Retrieved Matter . | . . . . . Parts Self-Destructed . | . . . . . Prevented . | . . . . . Kills | -11 -10 -10 -10 -9 ------- Run | Yrd Mat Min Exi Min Combat Hostiles Destroyed 15 | . 11 4 . . Guns 11 | . 10 1 . . AOE 4 | . 1 3 . . Classes Destroyed 6 | . 5 1 . . Worker 1 | . . 1 . . Tunneler 5 | . 1 4 . . Hauler 2 | . 2 . . . Operator 1 | . 1 . . . Watcher 1 | . 1 . . . Grunt 15 | . 11 4 . . Best Kill Streak 8 | . 3 8 . . Combat Bots Only 4 | . 3 4 . . Max Kills in Single Turn 2 | . 1 2 . . Gunslinging . | . . . . . Exploded 2 | . 1 2 . . Melee . | . . . . . Uniques/NPCs Destroyed . | . . . . . Combat | -11 -10 -10 -10 -9 -------- Run | Yrd Mat Min Exi Min Hostile Shots Fired 100 | . 84 16 . . Missed 28 | . 24 4 . . Damage Taken 957 | . 705 252 . . Core 137 | . 137 . . . Absorbed by Shields . | . . . . . Core Remaining (%) 100 | 100 . . . . Volleys Fired 65 | . 53 12 . . Largest 2 | . 2 2 . . Hottest 50 | . 50 50 . . Shots Fired 130 | . 106 24 . . Gun 118 | . 104 14 . . Cannon . | . . . . . Launcher 12 | . 2 10 . . Special . | . . . . . Kinetic 118 | . 104 14 . . Thermal . | . . . . . Explosive 12 | . 2 10 . . Electromagnetic . | . . . . . Robot Hit Streak 13 | . 13 4 . . Robot Miss Streak 5 | . 5 1 . . Penetration Max . | . . . . . Secondary Targets 3 | . 3 . . . Max Gunslinging Chain 1 | . 1 . . . Shots Hit Robots 83 | . 70 13 . . Core Hits 54 | . 41 13 . . Critical Kills 1 | . 1 . . . Critical Parts Destroyed . | . . . . . Critical Strikes 1 | . 1 . . . Destroy 1 | . 1 . . . Melee Attacks . | . . . . . Impact . | . . . . . Slashing . | . . . . . Piercing . | . . . . . Sneak Attacks . | . . . . . Combat Hostiles . | . . . . . Follow-up Attacks . | . . . . . Damage Inflicted 1312 | . 825 487 . . Guns 780 | . 655 125 . . Cannons . | . . . . . Explosions 524 | . 170 354 . . Melee . | . . . . . Ramming 8 | . . 8 . . Kinetic 780 | . 655 125 . . Thermal . | . . . . . Explosive 524 | . 170 354 . . Electromagnetic . | . . . . . Impact . | . . . . . Slashing . | . . . . . Piercing . | . . . . . Highest Corruption . | . . . . . Average Corruption . | . . . . . Corruption Purged . | . . . . . Corruption Blocked . | . . . . . Overload Shots . | . . . . . Overflow Damage 1 | . . 1 . . Projectiles . | . . . . . Explosions 1 | . . 1 . . Melee . | . . . . . Knockbacks . | . . . . . Impact . | . . . . . Kinetic . | . . . . . Secondary . | . . . . . Self-Inflicted Damage 122 | . . 122 . . Shots 4 | . . 4 . . Rammed 1 | . . 1 . . Targets Rammed 1 | . . 1 . . Kicked . | . . . . . Crushed . | . . . . . Highest Temperature 31 | . 31 4 . . Average Temperature 10 | . 11 2 . . Received Heat Transfer 456 | . 384 72 . . Siege Activations . | . . . . . Robots Corrupted . | . . . . . Combat Hostiles . | . . . . . Parts Fried . | . . . . . Impact Corruptions . | . . . . . Robots Melted . | . . . . . Combat Hostiles . | . . . . . Parts Melted . | . . . . . Heat Transferred . | . . . . . Parts Sabotaged . | . . . . . Parts Stolen . | . . . . . Parts Stripped . | . . . . . Power Chain Reactions . | . . . . . Alert | -11 -10 -10 -10 -9 ------- Run | Yrd Mat Min Exi Min Peak Influence 183 | . 183 158 . . Initial 5 | . . 5 . . Average 72 | . 92 44 . . Maximum Alert Level . | . . . . . Low Security (%) 100 | 100 100 100 . . Level 1 . | . . . . . Level 2 . | . . . . . Level 3 . | . . . . . Level 4 . | . . . . . Level 5 . | . . . . . High Security . | . . . . . Max Security . | . . . . . Squads Dispatched 3 | . 3 . . . Investigation 2 | . 2 . . . Extermination . | . . . . . Reinforcement 1 | . 1 . . . Assault . | . . . . . Garrison . | . . . . . Intercept . | . . . . . Searches Triggered . | . . . . . Construction Impeded . | . . . . . Haulers Reinforced . | . . . . . Active Scanning Responses . | . . . . . Cargo Convoy Interrupts . | . . . . . Stealth | -11 -10 -10 -10 -9 --------- Run | Yrd Mat Min Exi Min Distress Signals 5 | . 4 1 . . Communications Jammed . | . . . . . Distress Signals . | . . . . . Times Spotted 35 | . 27 8 . . Peak Tracking Total 5 | . 5 2 . . Tactical Retreats . | . . . . . Traps | -11 -10 -10 -10 -9 ------- Run | Yrd Mat Min Exi Min Traps Triggered 2 | . 2 . . . Indirectly . | . . . . . Trap Hack Attempts . | . . . . . Triggered . | . . . . . Disarmed . | . . . . . Reprogrammed 1 | . 1 . . . Reused . | . . . . . Traps Extracted . | . . . . . Installed . | . . . . . Triggered . | . . . . . Machines | -11 -10 -10 -10 -9 ---------- Run | Yrd Mat Min Exi Min Machines Disabled 2 | . 1 1 . . Max in Single Turn 1 | . 1 1 . . Machines Repaired . | . . . . . Machines Dismantled . | . . . . . Machines Sabotaged . | . . . . . Overloaded Fab Kills . | . . . . . Hacking | -11 -10 -10 -10 -9 --------- Run | Yrd Mat Min Exi Min Machines Accessed 9 | . 8 1 . . Terminals 8 | . 7 1 . . Fabricators . | . . . . . Repair Stations . | . . . . . Recycling Units 1 | . 1 . . . Scanalyzers . | . . . . . Garrison Access . | . . . . . Total Hacks 23 | . 22 1 . . Successful 13 | . 12 1 . . Failed 10 | . 10 . . . Catastrophic 2 | . 2 . . . Database Lockouts . | . . . . . Manual 7 | . 6 . 1 . Terminals 20 | . 19 1 . . Fabricators . | . . . . . Repair Stations . | . . . . . Recycling Units 3 | . 3 . . . Scanalyzers . | . . . . . Garrison Access . | . . . . . Terminal Hacks 11 | . 10 1 . . Robot Analysis 2 | . 2 . . . Prototype ID Bank 2 | . 2 . . . Alert Level 2 | . 2 . . . Locate Traps 1 | . 1 . . . Reprogram Traps 1 | . 1 . . . Registered Components 1 | . 1 . . . Zone Layout 2 | . 1 1 . . Fabricator Hacks . | . . . . . Repair Station Hacks . | . . . . . Recycling Unit Hacks 1 | . 1 . . . Retrieve Components 1 | . 1 . . . Scanalyzer . | . . . . . Garrison Access Hacks . | . . . . . Unauthorized Hacks 1 | . 1 . . . Terminals 1 | . 1 . . . Operators 1 | . 1 . . . Fabricators . | . . . . . Repair Stations . | . . . . . Recycling Units . | . . . . . Scanalyzers . | . . . . . Garrison Access . | . . . . . Data Cores Recovered . | . . . . . Used . | . . . . . Hacking Detections 6 | . 5 1 . . Full Trace Events . | . . . . . Feedback Events . | . . . . . Feedback Blocked . | . . . . . Robot Schematics Acquired . | . . . . . Robots Built . | . . . . . Authchips . | . . . . . Time . | . . . . . Total Robot Build Rating . | . . . . . Part Schematics Acquired . | . . . . . Parts Built . | . . . . . Authchips . | . . . . . Time . | . . . . . Total Part Build Rating . | . . . . . Parts Repaired . | . . . . . Time . | . . . . . Parts Recycled . | . . . . . Recycled Matter . | . . . . . Retrieved Matter . | . . . . . Retrieved Components 10 | . 10 . . . Parts Scanalyzed . | . . . . . Part Schematics Acquired . | . . . . . Parts Damaged . | . . . . . Bothacking | -11 -10 -10 -10 -9 ------------ Run | Yrd Mat Min Exi Min Used RIF Installer . | . . . . . Robots Hacked . | . . . . . Non-combat . | . . . . . Combat . | . . . . . Robot Hacks Applied . | . . . . . Relay Couplers Released . | . . . . . Fabnet Peak Effective % . | . . . . . Robots Rewired 2 | . . . 2 . Allies Hacked . | . . . . . Hacks Repelled . | . . . . . Allies | -11 -10 -10 -10 -9 -------- Run | Yrd Mat Min Exi Min Total Allies 3 | . . 1 2 . Largest Group 2 | . . 1 2 . Highest-Rated Group 31 | . . 31 31 . Highest-Rated Ally 31 | . . 31 31 . Total Orders . | . . . . . Ally Attacks 10 | . . 8 2 . Total Damage 168 | . . 128 40 . Kills 5 | . . 4 1 . Allies Corrupted . | . . . . . Allies Melted . | . . . . . Intel | -11 -10 -10 -10 -9 ------- Run | Yrd Mat Min Exi Min Robot Analysis Total 2 | . 2 . . . Derelict Logs Recovered 2 | . . 2 . . Drone Launches . | . . . . . Drone Recoveries . | . . . . . Exploration | -11 -10 -10 -10 -9 ------------- Run | Yrd Mat Min Exi Min Turns Passed 2573 | 89 1254 618 612 . Spaces Moved 1451 | 55 669 354 373 . Core 12 | 12 . . . . Treads 1439 | 43 669 354 373 . Legs . | . . . . . Wheels . | . . . . . Hover . | . . . . . Flight . | . . . . . Fastest Speed 50 | 50 160 160 160 . Average Speed 159 | 136 160 160 160 . Slowest Speed 160 | 160 160 160 160 . Overloaded Moves . | . . . . . Propulsion Burnouts . | . . . . . Robots Hopped . | . . . . . Cave-ins Triggered . | . . . . . Exploration Rate (%) 51 | 4 94 71 85 3 Regions Visited 4 Branch Regions 3 Pre-discovered Areas 1 | . . 1 . . Known Exits Taken . | . . . . . Unknown Exits Taken 4 | 1 1 1 1 . Scrap Searched 1 | . . 1 . . Spaces Dug . | . . . . . Terrain Destroyed 53 | . 10 43 . . Melee . | . . . . . Projectile . | . . . . . AOE 53 | . 10 43 . . Terrain Rammed . | . . . . . Walls Destroyed . | . . . . . Machines Disabled . | . . . . . Actions | -11 -10 -10 -10 -9 --------- Run | Yrd Mat Min Exi Min Total 1606 | 69 768 381 388 . Wait 33 | . 15 12 6 . Move 1447 | 54 668 353 372 . Hop . | . . . . . Pick Up 26 | 9 15 . 2 . Fast Attach . | . . . . . Attach 13 | 6 5 2 . . Detach . | . . . . . Swap 4 | . 3 1 . . Drop 9 | . 9 . . . Fire 65 | . 53 12 . . Melee . | . . . . . Ram . | . . . . . Kick . | . . . . . Crush 1 | . . 1 . . Escape Stasis . | . . . . . Rewire 8 | . . . 8 . Trap . | . . . . . Miscellaneous . | . . . . . Route ------- -11/Scrapyard -10/Materials (discovered 4 exits: [*Mat x3] / *Min) -10/Mines (discovered 3 exits: [*Mat x2] / *Exi) -10/Exiles (discovered 2 exits: [*Min x2]) -9/Mines History --------- Turn | Location | Event 7 | -11/Scrapyard | Discovered new exit (range 15) 90 | -11/Scrapyard | Entered Materials 269 | -10/Materials | Discovered new exit (range 15) 315 | -10/Materials | Build established: Mutant 467 | -10/Materials | Discovered new exit (range 9) 800 | -10/Materials | Core integrity fell below 50% 864 | -10/Materials | Discovered new exit (range 12) 987 | -10/Materials | Discovered new exit (range 10) 1344 | -10/Materials | Entered Mines 1345 | -10/Mines | Excavation squad dispatched 1345 | -10/Mines | A large section of the Mines collapsed 1595 | -10/Mines | Excavation squad dispatched 1666 | -10/Mines | Discovered new exit (range 13) 1667 | -10/Mines | Learned location of 1 exit from Materials 1759 | -10/Mines | Received a Mining Laser from a helpful Derelict 1898 | -10/Mines | Discovered new exit (range 13) 1954 | -10/Mines | Deemed a non-threat by the Exiles lab entrance 1956 | -10/Mines | Discovered new exit (range 5) 1962 | -10/Mines | Entered Exiles 1962 | -10/Exiles | Found Exiles lab destroyed 1962 | -10/Exiles | Accompanied by 1 ally 1986 | -10/Exiles | Discovered new exit (range 15) 2552 | -10/Exiles | Discovered new exit (range 10) 2574 | -10/Exiles | Entered Mines 2574 | -9/Mines | Accompanied by 2 allies 2574 | -9/Mines | Self-destructed Last Messages --------------- 01945_ Slammed into T-07 Excavator. 01954_ "No threat detected, you may enter." 01956_ EXIT=FOUND LOCATION=UNKNOWN GOAL=ESCAPE 01986_ EXIT=FOUND 02011_ G-34 Mercenary destroyed. 02031_ KM-2KZ(g): "You look like you can take it from here!" 02031_ KM-2KZ(g) slips back into the shadows. 02177_ Connecting with EX-Vault Access... 02177_ Current location identified: Exiles 02244_ Attempting to rewire H-55 Commando. 02245_ H-55 Commando rewired. 02264_ Attempting to rewire G-34 Mercenary. 02269_ G-34 Mercenary rewired. 02294_ Acquired Lgt. Treads. 02552_ EXIT=FOUND LOCATION=UNKNOWN GOAL=ESCAPE Map ----- +----------------------------------------------------+ | | | | | | | | | | | | | | | | | | | ?????????????????????????????? | | ?????????????????????????????? | | ?????????????????????????????? | | ?????????????????????????????? | | ?????????????????????????????? | | ?????????????????????????????? | | ?????????????????????????????? | | ?????????????????????????????? | | ????###??????????????????????? | | ????# ??????????????????????? | | ????# ??????????????????????? | | ????#h#??????????????????????? | | ????# #??????????????????????? | | ??### #####??????????????????? | | ??# #??????????????????? | | ??# #??????????????????? | | ??#g @ k #??????????????????? | | ??# #??????????????????? | | ??# #??????????????????? | | ??# k #??????????????????? | | ??# #??????????????????? | | ??#########??????????????????? | | ?????????????????????????????? | | ?????????????????????????????? | | ?????????????????????????????? | | ?????????????????????????????? | | ?????????????????????????????? | | ?????????????????????????????? | | ?????????????????????????????? | | ?????????????????????????????? | | ?????????????????????????????? | | ?????????????????????????????? | | ?????????????????????????????? | | ?????????????????????????????? | | ?????????????????????????????? | | ?????????????????????????????? | | ?????????????????????????????? | | ?????????????????????????????? | | ?????????????????????????????? | | ?????????????????????????????? | | ?????????????????????????????? | +----------------------------------------------------+ Best States ------------- Heat Dissipation 25 Energy Generation 14 Energy Capacity 250 Matter Stores 300 Matter Capacity 300 Sight Range 16 Terrain Scan Density 10 Evasion (%) 50 Recoil Reduction 2 Item Schematics ----------------- None Robot Schematics ------------------ None Fabricated ------------ Nothing Alien Tech Used ----------------- None Achievements -------------- None Challenges ------------ None Game ------ Seed DirtyBattleNanoactuators Manual? 0 Play Time 00:10:57 Cumulative 71.7 hours Start 2024.04.16 @ 22:47:02 End 2024.04.16 @ 22:58:15 Sessions 1 Manual Loads 0 Difficulty Rogue Special Mode None Game No. 64 Rogue 64 Adventurer 0 Explorer 0 Win Type - Total 0 Types 0/0/0/0/0/0/0/0/0 Lore% 40 Gallery% 50 Achievement% 30 Wizard Run 0 Options --------- Layout 1 ASCII 0 Keyboard 0 Movement Numpad Keybinds 0 Fullscreen 1 Font 24/Smallcaps Map View 50x35 Zoom Use 0% Tactical HUD 1 Map Filters NONE Filters NONE Steam 1 RUN: 70346d16-ee8d-484a-abc5-24db0db3e8f3